 Dungeon Crawl Stone Soup version 0.29-a0-6-ga859fcf985 (webtiles) character file.

Game seed: 10491119318500426354

16 Lekart the Skirmisher (level 2, -2/26 HPs)
             Began as a Draconian Chaos Knight on Jan 27, 2022.
             Was a Plaything of Xom.
             Slain by a manticore (glowing shapeshifter) (18 damage)
             ... on level 1 of the Dungeon.
             The game lasted 00:00:46 (394 turns).

Lekart the Skirmisher (Draconian Chaos Knight)       Turns: 394, Time: 00:00:47

Health: -2/26      AC:  4    Str: 14    XL:     2   Next: 37%
Magic:  2/2        EV: 12    Int: 12    God:    Xom [......]
Gold:   44         SH:  0    Dex: 10    Spells: 1/1 levels left

rFire   . . .      SeeInvis .   a - +0 short sword (chaos)
rCold   . . .      Faith    .   (no shield)
rNeg    . . .      Spirit   .   (armour unavailable)
rPois   .          Reflect  .   (helmet restricted)
rElec   .          Harm     .   (no cloak)
rCorr   .          Rampage  .   (no gloves)
Will    .....                   (no boots)
Stlth   +.........              (no amulet)
HPRegen 0.08/turn               (no ring)
MPRegen 0.08/turn               (no ring)

@: spiked
A: AC +4, unfitting armour, cold-blooded
a: Renounce Religion


You were on level 1 of the Dungeon.
You worshipped Xom.
You were a very special plaything of Xom.
You visited 1 branch of the dungeon, and saw 1 of its levels.

You collected 44 gold pieces.

Inventory:

Hand Weapons
 a - a +0 short sword of chaos (weapon)
Missiles
 f - 11 poisoned darts (quivered)
Scrolls
 b - a scroll of identify {unknown}
 c - a scroll of torment {unknown}
 d - a scroll of fear {unknown}
 e - a scroll of blinking {unknown}


   Skills:
 + Level 3.5 Fighting
 + Level 3.2 Short Blades
 + Level 2.4 Dodging
 * Level 0.3 Spellcasting


You had one spell level left.
You didn't know any spells.
Your spell library was empty.

Dungeon Overview and Level Annotations

Branches:
Dungeon (1/15)

Altars:


Innate Abilities, Weirdness & Mutations

Your plain brown scales are hard. (AC +4)
You cannot fit into any form of body armour.
You are cold-blooded and may be slowed by cold attacks.


Message History

The quokka closely misses you. The giant cockroach barely misses you.
You hit the giant cockroach.
You feel better.
You kill the giant cockroach!
The quokka barely misses you.
You barely miss the quokka.
You tail-slap the quokka, but do no damage.
The quokka bites you but does no damage.
You hit the quokka.
The quokka changes into a glowing shapeshifter!
Xom is highly amused!
The glowing shapeshifter changes into a moth of wrath!
You barely miss the moth of wrath. You tail-slap the moth of wrath.
The moth of wrath is lightly wounded.
The moth of wrath closely misses you.
You hit the moth of wrath.
The moth of wrath is lightly wounded.
The moth of wrath changes into a steelbarb worm!
You hit the steelbarb worm but do no damage.
Your tail-slap misses the steelbarb worm.
The steelbarb worm barely misses you.
You hit the steelbarb worm but do no damage.
You drain the steelbarb worm.
The steelbarb worm is lightly wounded.
The steelbarb worm hits you.
Barbed spikes become lodged in your body.
You hit the steelbarb worm.
The steelbarb worm resists with some effort.
The steelbarb worm is lightly wounded.
The steelbarb worm changes into a manticore!
You hit the manticore but do no damage. The manticore bites you.
The manticore claws you. The manticore closely misses you.
You hit the manticore.
Lightning courses through the manticore!
The manticore is moderately wounded.
You hit the manticore.
The manticore is poisoned.
You tail-slap the manticore.
The manticore is moderately wounded.
The manticore bites you!!
Ouch! That really hurt!
You die...
Xom chuckles heartily!

## ###########.....#.# #
##.##.# #.>#.# #
###..#.#.# ## #....#.#.#
##. .. #.##..†..# ##..
....####..#...### ##..#
......†.#.#...######..##
....###@#.#..........##.
. #..H..#....#######..
#........#.##.......
##.#####...#......_. ..
#.###........ .(. #.
.#####.. ###. #. ##( #.
#. ## #


You could see a manticore shaped shifter (very poisoned).

Vanquished Creatures
  A dart slug (D:1)
  4 ball pythons (D:1)
  2 endoplasms (D:1)
  3 giant cockroaches (D:1)
  A quokka (D:1)
  A frilled lizard (D:1)
  A kobold (D:1)
13 creatures vanquished.

Notes
Turn   | Place    | Note
-------+----------+-------------------------------------------
     0 | D:1      | Lekart the Draconian Chaos Knight began the quest for the
                  | Orb.
     0 | D:1      | Reached XP level 1. HP: 19/19 MP: 1/1
   220 | D:1      | Reached XP level 2. HP: 26/26 MP: 2/2
   264 | D:1      | Found a faded altar of an unknown god.
   276 | D:1      | XOM: silly message
   386 | D:1      | Noticed a glowing shapeshifter
   386 | D:1      | a quokka changed into a glowing shapeshifter
   386 | D:1      | Noticed a moth of wrath
   386 | D:1      | a glowing shapeshifter changed into a moth of wrath
   388 | D:1      | Noticed a steelbarb worm
   388 | D:1      | a moth of wrath changed into a steelbarb worm
   391 | D:1      | Noticed a manticore
   391 | D:1      | a steelbarb worm changed into a manticore
   394 | D:1      | Slain by a manticore (glowing shapeshifter)

Illustrated notes

Levels and vault maps discovered:
D:1:      lemuel_arrival_tunnels, layout_basic,
          hellmonk_ecumenical_altar_crossroads, minmay_heptomino_d4

Action                   || total
-------------------------++-------
Melee: Short sword       ||    36
       Tailslap          ||     6
Throw: Dart              ||     9
Armor: Skin              ||     8
Dodge: Dodged            ||    23

Table legend: (Time is in decaauts)
 A = Elapsed time spent in this place.
 B = Non-inter-level travel time spent in this place.
 C = Inter-level travel time spent in this place.
 D = Time resting spent in this place.
 E = Time spent auto-exploring this place.
 F = Levels seen in this place.
 G = Mean time per level.
                   A        B        C        D        E       F      G
               +--------+--------+--------+--------+--------+-----+--------+
         Total |    391 |    391 |      0 |      0 |    293 |   1 |  391.0 |
       Dungeon |    391 |    391 |      0 |      0 |    293 |   1 |  391.0 |
               +--------+--------+--------+--------+--------+-----+--------+

Top non-repeatable levels by time:
     D:1: 391 daAuts
